 Dungeon Crawl Stone Soup version 0.31-a0-161-gb58dd9be76 (webtiles) character file.

Game seed: 12162678325014340929

3601 pokeman the Thaumaturge (level 9, -2/52 HPs)
             Began as a Deep Elf Hedge Wizard on June 12, 2023.
             Was an Initiate of Vehumet.
             Slain by a two-headed ogre
             ... wielding a +0 giant club
              (23 damage)
             ... on level 8 of the Dungeon.
             The game lasted 00:16:03 (7877 turns).

pokeman the Thaumaturge (Deep Elf Hedge Wizard)     Turns: 7877, Time: 00:16:03

Health: -2/52      AC:  4    Str:  7    XL:     9   Next: 85%
Magic:  24/27      EV: 13    Int: 24    God:    Vehumet [......]
Gold:   425        SH:  0    Dex: 14    Spells: 24/32 levels left

rFire   + . .        H - +2 dagger (venom)
rCold   . . .        (no shield)
rNeg    . . .        o - +2 robe {rF+}
rPois   .            c - +0 hat
rElec   .            (no cloak)
rCorr   .            (no gloves)
SInv    .            (no boots)
Will    .....        w - amulet of magic regeneration
Stlth   ++           (no ring)
HPRegen 0.28/turn    (no ring)
MPRegen 0.60/turn

%: no passive effects
@: no status effects
A: no striking features
a: Renounce Religion


You were on level 8 of the Dungeon.
You worshipped Vehumet.
Vehumet was noncommittal.
You visited 2 branches of the dungeon, and saw 9 of its levels.

You collected 481 gold pieces.
You spent 56 gold pieces at shops.

Inventory:

Hand Weapons
 H - a +2 dagger of venom (weapon)
Armour
 c - a +0 hat (worn)
 o - a +2 robe of fire resistance (worn)
 I - +0 steam dragon scales
Jewellery
 r - an amulet of the acrobat
 w - an amulet of magic regeneration (around neck)
 C - a ring of see invisible
Wands
 p - a wand of digging (3)
 v - a wand of flame (79)
 F - a wand of iceblast (15)
 J - a wand of mindburst (18)
 K - a wand of polymorph (12)
Scrolls
 a - 5 scrolls of teleportation
 g - 6 scrolls of identify {unknown}
 h - a scroll of silence {unknown}
 j - 3 scrolls of acquirement {unknown}
 l - 3 scrolls of fog {unknown}
 m - 2 scrolls of vulnerability {unknown}
 n - 2 scrolls of enchant armour {unknown}
 s - a scroll of immolation {unknown}
 u - a scroll of amnesia {unknown}
 y - a scroll of brand weapon {unknown}
 A - 2 scrolls of blinking {unknown}
 D - a scroll of revelation {unknown}
 E - a scroll of summoning {unknown}
 G - a scroll of poison {unknown}
Potions
 b - 3 potions of enlightenment {unknown}
 d - a potion of magic
 e - 2 potions of mutation {unknown}
 f - a potion of might {unknown}
 i - a potion of cancellation {unknown}
 k - a potion of haste {unknown}
 q - a potion of degeneration {unknown}
 t - 3 potions of invisibility {unknown}
 x - a potion of heal wounds {unknown}
 z - 5 potions of curing {unknown}
 B - a potion of lignification {unknown}


   Skills:
 + Level 3.6 Fighting
 - Level 3.0 Armour
 - Level 3.1 Dodging
 - Level 3.2 Stealth
 * Level 12.3 Spellcasting
 + Level 6.9 Conjurations
 + Level 6.2 Summonings
 - Level 1.1 Translocations
 - Level 1.1 Air Magic
 - Level 1.2 Poison Magic
 - Level 1.2 Evocations


You had 24 spell levels left.
You knew the following spells:

 Your Spells              Type           Power      Damage    Failure   Level
a - Magic Dart            Conj           100%       1d8       1%          1
b - Mephitic Cloud        Conj/Pois/Air  29%        N/A       3%          3
c - Call Imp              Summ           88%        N/A       1%          2
d - Blink                 Tloc           40%        N/A       4%          2

Your spell library contained the following spells:

 Spells                   Type           Power      Damage    Failure   Level
 Slow                     Hex            56%        N/A       4%          1
 Cigotuvi's Dreadful Rot  Necr/Pois/Air  36%        N/A       4%          2
 Lesser Beckoning         Tloc           40%        N/A       4%          2
 Gell's Gravitas          Tloc           20%        N/A       8%          3
 Teleport Other           Tloc           20%        N/A       8%          3
 Tukima's Dance           Hex            14%        N/A       12%         3
 Passage of Golubria      Tloc           20%        N/A       26%         4
 Yara's Violent Unravell  Hex/Tmut       7%         3d5       75%         5


Dungeon Overview and Level Annotations

Branches:
Dungeon (8/15)             Temple (1/1) D:6
   Lair: D:8-11

Altars:
Ashenzari
Cheibriados
Dithmenos
Elyvilon
Fedhas
Gozag
Hepliaklqana
Makhleb
Okawaru
Qazlal
Sif Muna
Uskayaw
Vehumet
Xom
Yredelemnul
Zin

Shops:
D:3 ?   D:5 [

Annotations:
Temple 2 transporters


Message History

Casting: Magic Dart (safe; 1% risk of failure)
Confirm with . or Enter, or press ? or * to list all spells.
Aiming: Mephitic Cloud (dangerous; 3% risk of failure)
Press: ? - help, Shift-Dir - straight line, p - two-headed ogre The ball explodes into a vile cloud!
The stinking cloud engulfs the two-headed ogre but does no damage.
The two-headed ogre is lightly wounded.
You hear a shout!
Unknown command.
Unknown command.
Casting: Mephitic Cloud (dangerous; 3% risk of failure)
Confirm with . or Enter, or press ? or * to list all spells.
Aiming: Magic Dart (safe; 1% risk of failure)
Press: ? - help, Shift-Dir - straight line, f - two-headed ogre
Aim: a two-headed ogre, wielding two +0 giant clubs (noxious fumes, lightly wounded, 100% to hit)
The magic dart hits the two-headed ogre.
The two-headed ogre is lightly wounded.
The two-headed ogre is engulfed in noxious fumes.
The two-headed ogre appears confused.
Casting: Magic Dart (safe; 1% risk of failure)
Confirm with . or Enter, or press ? or * to list all spells.
Aiming: Magic Dart (safe; 1% risk of failure)
Press: ? - help, Shift-Dir - straight line, f/p - two-headed ogre
Aim: a two-headed ogre, wielding two +0 giant clubs (noxious fumes, lightly wounded, confused, 100% to hit)
The magic dart hits the two-headed ogre!
The two-headed ogre is moderately wounded.
The two-headed ogre is engulfed in noxious fumes.
Casting: Magic Dart (safe; 1% risk of failure)
Confirm with . or Enter, or press ? or * to list all spells.
Aiming: Magic Dart (safe; 1% risk of failure)
Press: ? - help, Shift-Dir - straight line, f/p - two-headed ogre
Aim: a two-headed ogre, wielding two +0 giant clubs (noxious fumes, moderately wounded, confused, 100% to hit)
The magic dart hits the two-headed ogre!
The two-headed ogre is moderately wounded.
The two-headed ogre is engulfed in noxious fumes.
The two-headed ogre appears confused.
The two-headed ogre hits you with a +0 giant club!!
Ouch! That really hurt!
The two-headed ogre hits you with a +0 giant club!!
You die...

..# # #.# #. #.#
#.# #.#
#.####.##########
#O)§...........#
#.####.########.#
...
#o####...#.#####.#
.....
#°.O@............#
.o.....
######...#........
.......
#.............
.......
#.##########..
....... #####.# .
#...#.######### .#
#.............##..#
#...#.######...#..
##.##.# #.......


You could see a two-headed ogre (confused) and an orc wizard.

Vanquished Creatures
  Pikel (D:4)
  A wyvern (D:7)
  A steam dragon (D:7)
  An ice beast (D:5)
  An orc warrior (D:7)
  An ogre (D:6)
  A sky beast (D:6)
  3 centaurs
  5 phantoms
  5 bullfrogs
  A gnoll sergeant (D:7)
  4 scorpions
  6 wights (D:7)
  A howler monkey (D:7)
  A vampire bat (D:5)
  8 hounds
  2 jellies
  2 orc priests (D:4)
  3 iguanas
  2 sleepcaps (D:5)
  Terence (D:2)
  8 orc wizards
  3 gnolls (D:4)
  6 adders
  2 shadow imps
  3 white imps (D:6)
  An ufetubus (D:6)
  A worm (D:4)
  A dart slug (D:2)
  12 orcs
  5 ball pythons
  10 endoplasms
  3 giant cockroaches
  6 goblins
  6 hobgoblins
  2 jackals (D:1)
  6 kobolds
  5 quokkas
  10 bats
  3 frilled lizards (D:1)
  6 rats
150 creatures vanquished.

Vanquished Creatures (others)
  An orc wizard (D:6)
1 creature vanquished.

Grand Total: 151 creatures vanquished

Notes
Turn   | Place    | Note
-------+----------+-------------------------------------------
     0 | D:1      | pokeman the Deep Elf Hedge Wizard began the quest for the
                  | Orb.
     0 | D:1      | Reached XP level 1. HP: 10/10 MP: 7/7
   206 | D:1      | Reached XP level 2. HP: 15/15 MP: 6/9
   640 | D:1      | Reached skill level 5 in Spellcasting
   905 | D:1      | Reached XP level 3. HP: 20/20 MP: 7/11
   913 | D:1      | Learned a level 3 spell: Mephitic Cloud
   916 | D:1      | Learned a level 2 spell: Call Imp
   919 | D:1      | Learned a level 2 spell: Blink
  1525 | D:2      | Found a faded altar of an unknown god.
  1678 | D:2      | Reached skill level 1 in Fighting
  1678 | D:2      | Reached skill level 1 in Armour
  2073 | D:2      | Noticed Terence
  2081 | D:2      | Killed Terence
  2082 | D:2      | Reached XP level 4. HP: 25/25 MP: 6/13
  2670 | D:3      | Noticed a phantom
  2686 | D:3      | Killed a phantom
  2687 | D:3      | Reached skill level 6 in Spellcasting
  2687 | D:3      | Reached XP level 5. HP: 20/29 MP: 1/15
  2851 | D:3      | Found Seilepn's Magic Scroll Shop.
  2854 | D:3      | Bought a scroll of teleportation for 42 gold pieces
  2854 | D:3      | Bought a scroll of noise for 14 gold pieces
  3155 | D:4      | Noticed a phantom
  3184 | D:4      | Killed a phantom
  3185 | D:4      | Reached skill level 1 in Air Magic
  3185 | D:4      | Reached skill level 1 in Poison Magic
  3185 | D:4      | Reached skill level 1 in Evocations
  3185 | D:4      | Reached XP level 6. HP: 33/34 MP: 3/17
  3318 | D:4      | Reached skill level 7 in Spellcasting
  3862 | D:4      | Reached XP level 7. HP: 38/38 MP: 16/20
  4076 | D:5      | Entered Level 5 of the Dungeon
  4080 | D:5      | Noticed Pikel
  4111 | D:4      | Killed Pikel
  4112 | D:4      | Reached skill level 9 in Spellcasting
  4112 | D:4      | Reached XP level 8. HP: 23/45 MP: 16/23
  4683 | D:5      | Found Sathruyfi's Antique Armour Emporium.
  4737 | D:5      | Found a shimmering blue altar of Sif Muna.
  4858 | D:5      | Reached skill level 5 in Conjurations
  5280 | D:6      | Reached skill level 10 in Spellcasting
  5566 | D:6      | Reached XP level 9. HP: 40/49 MP: 21/25
  5694 | D:6      | Reached skill level 5 in Summonings
  5761 | D:6      | Reached skill level 11 in Spellcasting
  6181 | D:6      | Found a staircase to the Ecumenical Temple.
  6186 | Temple   | Entered the Ecumenical Temple
  6186 | Temple   | Found a transporter.
  6186 | Temple   | Found a transporter.
  6188 | Temple   | Found a transporter.
  6188 | Temple   | Found a transporter.
  6200 | Temple   | Became a worshipper of Vehumet
  6492 | D:7      | Identified the +3 plate armour of True Grit {+Inv Regen+
                  | Int-5 Dex+3}
  7310 | D:7      | Reached skill level 12 in Spellcasting
  7851 | D:8      | Noticed a two-headed ogre
  7877 | D:8      | Slain by a two-headed ogre

Illustrated notes

Levels and vault maps discovered:
D:1:      minmay_arrival_glassed_features, layout_basic,
          wander_ebering_terrifying_dragon_lair
D:2:      layout_loops_ring, basic_ecumenical_altar, uniq_terence
D:3:      layout_basic, serial_corexii_hall, corexii_hall_statues_s,
          corexii_hall_statues_u, corexii_hall_statues_s, serial_shops, shop,
          kennysheep_generic_room_4
D:4:      layout_loops_cross, serial_bayou_pond_a, kennysheep_small_square
D:5:      layout_basic, old_standard_altar, serial_aquarium,
          aquarium_bridge_island_small [aquarium_subvault_small_open,
          aquarium_subvault_bridge, aquarium_subvault_window,
          aquarium_subvault_balcony, aquarium_subvault_bridge],
          aquarium_bridge_straight [aquarium_subvault_bridge,
          aquarium_subvault_wall, aquarium_subvault_bridge,
          aquarium_subvault_balcony], aquarium_window_corner, aquarium_window_1,
          aquarium_view_2c, aquarium_pool_side, serial_shops, shop,
          serial_bayou_pond_c, roderic_batcave, uniq_pikel
D:6:      layout_cave_pods, minmay_temple_entry_nine_rooms, minmay_pentangle
D:7:      layout_gridville, serial_bayou_pond_e, st_stairs_3
D:8:      layout_loops_ring, minmay_overflow_temple_star_quad
Temple:   hellmonk_temple_divided_pantheon

Skill      XL: |  1  2  3  4  5  6  7  8  9 |
---------------+----------------------------+-----
Spellcasting   | 5 6 7 9 10 12 | 12.3
Fighting       | 1 2 3 |  3.6
Armour         | 1 2 3 |  3.0
Conjurations   | 2 3 4 5 6 |  6.9
Dodging        | 3 |  3.1
Stealth        | 3 |  3.2
Air Magic      | 1 |  1.1
Poison Magic   | 1 |  1.2
Evocations     | 1 |  1.2
Summonings     | 2 3 4 6 |  6.2
Translocations | |  1.1

Action                     |  1- 3 |  4- 6 |  7- 9 || total
---------------------------+-------+-------+-------++-------
  Melee: Dagger            |    10 |       |    25 ||    35
         Whip              |     4 |    34 |    69 ||   107
         Punch             |       |       |     1 ||     1
   Cast: Magic Dart        |   105 |    67 |   283 ||   455
         Mephitic Cloud    |     2 |     6 |    26 ||    34
         Blink             |       |       |     6 ||     6
         Call Imp          |       |       |     9 ||     9
   Stab: Confused          |       |     4 |    15 ||    19
 Armour: Robe              |     4 |     8 |    27 ||    39
  Dodge: Dodged            |    19 |    27 |   117 ||   163

Table legend: (Time is in decaauts)
 A = Elapsed time spent in this place.
 B = Non-inter-level travel time spent in this place.
 C = Inter-level travel time spent in this place.
 D = Time resting spent in this place.
 E = Time spent auto-exploring this place.
 F = Levels seen in this place.
 G = Mean time per level.
                   A        B        C        D        E       F      G
               +--------+--------+--------+--------+--------+-----+--------+
         Total |   7896 |   7637 |    259 |    421 |   5886 |   9 |  877.3 |
       Dungeon |   7870 |   7611 |    259 |    421 |   5885 |   8 |  983.8 |
        Temple |     25 |     25 |      0 |      0 |      1 |   1 |   25.0 |
               +--------+--------+--------+--------+--------+-----+--------+

Top non-repeatable levels by time:
     D:6: 1599 daAuts
     D:1: 1263 daAuts
     D:4: 1155 daAuts
     D:2: 1079 daAuts
     D:7: 1064 daAuts
     D:5: 932 daAuts
     D:3: 684 daAuts
     D:8: 90 daAuts
  Temple: 25 daAuts
